 Dungeon Crawl Stone Soup version 0.20.1-1-g8b1a95d (webtiles) character file.

214 vineage the Chucker (level 5, 0/41 HPs)
             Began as a Merfolk Hunter on July 22, 2017.
             Slain by Sigmund
             ... wielding a +0 scythe
              (6 damage)
             ... on level 3 of the Dungeon.
             The game lasted 00:24:01 (2057 turns).

vineage the Chucker (Merfolk Hunter)                Turns: 2057, Time: 00:24:02

Health: 0/41       AC: 11    Str: 13    XL:     5   Next: 91%
Magic:  5/5        EV:  4    Int: 10    God:
Gold:   133        SH:  0    Dex: 19    Spells: 4/4 levels left

rFire    + . .     SeeInvis .   a - +1 short sword
rCold    + . .     Gourm    .   (no shield)
rNeg     . . .     Faith    .   p - +0 plate armour
rPois    +         Spirit   .   (no helmet)
rElec    +         Reflect  .   (no cloak)
rCorr    +         Harm     .   m - +0 pair of gloves
MR       .....                  (no boots)
Stlth    ..........             (no amulet)
Regen    0.2/turn               (no ring)
MPRegen  0.1/turn               (no ring)

@: resistant
A: change form in water, swift swim, stealthy swim, agile 2, wild magic 1
a: no special abilities


You were on level 3 of the Dungeon.
You were completely stuffed.

You visited 1 branch of the dungeon, and saw 3 of its levels.

You collected 133 gold pieces.

Inventory:

Hand Weapons
 a - a +1 short sword (weapon)
 e - a +0 club
 k - a +0 dagger
 l - a +0 dagger
 r - a +0 trident
Missiles
 c - 6 javelins (quivered)
 d - 2 throwing nets
 j - 46 bolts
 o - 6 curare-tipped needles
 v - 4 poisoned needles
Armour
 b - a +0 leather armour
 g - a +0 leather armour
 h - a +0 scale mail of fire resistance
 i - a +0 robe
 m - a +0 pair of gloves (worn)
 p - a +0 plate armour (worn)
Scrolls
 u - a scroll of remove curse
Comestibles
 f - a bread ration
 n - 5 chunks of flesh
 q - a fruit


   Skills:
 + Level 3.5 Fighting
 + Level 3.6 Short Blades
 + Level 0.4 Polearms
 + Level 4.3 Throwing
 + Level 1.7 Armour
 + Level 3.2 Dodging
 + Level 1.3 Stealth


You had 4 spell levels left.
You didn't know any spells.

Dungeon Overview and Level Annotations

Branches:
Dungeon (3/15)

Altars:

Annotations:
D:3 Sigmund


Innate Abilities, Weirdness & Mutations

You revert to your normal form in water.
You are very nimble and swift while swimming.
You are very stealthy in the water. (Stealth+)
You are very agile. (Dex +4)
Your spells are a little harder to cast, but a little more powerful.


Message History

Your plate armour prevents you from hitting something.
Something hits you.
* * * LOW HITPOINT WARNING * * *
You feel protected. Something hits you but does no damage.
Something hits you but does no damage.
Things that are here:
a dagger; a potion of mutation; 3 scrolls labeled IWONNUSI ZUSAA You start resting.
Something hits you.
* * * LOW HITPOINT WARNING * * *
You start resting.
Something hits you but does no damage.
An orc is nearby!
You hit the orc.
The orc is moderately wounded.
The orc barely misses you.
You hit the orc.
The orc is heavily wounded.
Something hits you.
You die...

#.# #####.# #.#
######...#.# #.#
#.[......#.## #.#
##.##........###### #.#
##.....รท............ #.#
####.............###### #.#
#.......(.#.)..........
###.#
#.##......#.......#####
..#.# #.###.@o#.##..###.# #
#.#.# #.# #..##)....# ..#
#.#.# #.# #....o.#..# ....
#.#.# #.###.####.##.......#
. #.#.# #................
..
#.#.#######.###............
...
#.#.........###.$###.#.####
#.####......o...........
#.# #.####.###..###.#..#


You could see an orc.

Vanquished Creatures
  The ghost of NorthaanB the Sneak, an amateur KoAs (D:3)
  3 adders (D:3)
  A worm (D:3)
  2 dart slugs (D:2)
  3 leopard geckos
  4 orcs (D:3)
  3 bats
  6 giant cockroaches
  9 goblins
  6 hobgoblins
  A ball python (D:3)
  3 frilled lizards
  8 kobolds
  10 rats
60 creatures vanquished.

Notes
Turn   | Place    | Note
-------+----------+-------------------------------------------
     0 | D:1      | vineage the Merfolk Hunter began the quest for the Orb.
     0 | D:1      | Reached XP level 1. HP: 16/16 MP: 1/1
   119 | D:1      | Reached XP level 2. HP: 20/23 MP: 2/2
   569 | D:2      | Reached skill level 1 in Short Blades
   569 | D:2      | Reached XP level 3. HP: 25/28 MP: 3/3
   678 | D:2      | Gained mutation: You are agile. (Dex +2) [potion of mutation]
   678 | D:2      | Gained mutation: You are very agile. (Dex +4) [potion of mutation]
   678 | D:2      | Gained mutation: Your spells are a little harder to cast, but a little more powerful. [potion of mutation]
  1235 | D:3      | Noticed NorthaanB's ghost (amateur KoAs)
  1273 | D:3      | Killed NorthaanB's ghost
  1273 | D:3      | Reached skill level 1 in Armour
  1273 | D:3      | Reached XP level 4. HP: 16/35 MP: 4/4
  1273 | D:3      | Reached XP level 5. HP: 19/41 MP: 5/5
  1816 | D:3      | Noticed Sigmund
  2057 | D:3      | Slain by Sigmund

Skill      XL: |  1  2  3 |
---------------+----------+-----
Short Blades   | 1 3 |  3.6
Dodging        | 3 |  3.2
Fighting       | 3 |  3.5
Armour         | 1 |  1.7
Polearms       | |  0.4
Throwing       | |  4.3
Stealth        | |  1.3

Action                   |  1- 3 |  4- 6 || total
-------------------------+-------+-------++-------
Melee: Short sword       |   196 |    67 ||   263
       Tailslap          |     2 |       ||     2
       Trident           |       |    38 ||    38
  Use: Potion            |     5 |     7 ||    12
       Scroll            |     3 |     3 ||     6
  Eat: Royal jelly       |     1 |       ||     1
       Fruit             |       |     2 ||     2
       Meat ration       |       |     1 ||     1
       Bread ration      |       |     1 ||     1
Armor: Leather armour    |     5 |       ||     5
       Scale mail        |    91 |       ||    91
       Plate armour      |       |    76 ||    76
Dodge: Dodged            |   112 |    17 ||   129
